 Dungeon Crawl Stone Soup version 0.31-a0-142-g31f6795574 (webtiles) character file.

Game seed: 5216945406062119688

105737 Pimp the Severer (level 16, -4/155 HPs)
             Began as a Hill Orc Monk on June 2, 2023.
             Was the Champion of Beogh.
             Slain by a two-headed ogre
             ... wielding a +0 giant club
              (17 damage)
             ... while paralysed by an ogre mage
             ... on level 2 of the Orcish Mines on June 3, 2023.
             The game lasted 00:54:27 (21025 turns).

Pimp the Severer (Hill Orc Monk)                   Turns: 21025, Time: 00:54:27

Health: -4/155     AC: 15    Str: 22    XL:     16   Next: 42%
Magic:  23/23      EV:  2    Int: 12    God:    Beogh [******]
Gold:   229        SH:  0    Dex: 13    Spells: 25/25 levels left

rFire   . . .        p - +3 broad axe (flame)
rCold   + . .        d - orb {light}
rNeg    + + .        A - +0 ring mail of Gozag's Castigation {*Slow rPois Str+2}
rPois   +            S - +1 helmet "Citedys" {rN++}
rElec   .            B - +0 cloak
rCorr   .            R - +1 pair of gloves
SInv    .            u - +0 pair of boots
Will    +....        a - amulet of faith
Stlth   +            l - +4 ring of protection
HPRegen 0.45/turn    j - ring of protection from cold
MPRegen 0.18/turn

%: slow self (1%), faith
@: paralysed, glowing, studying Fire Magic
A: walk on water, mutation resistance 1, wild magic 1, MP-powered wands
a: Renounce Religion, Smiting, Recall Orcish Followers, Give Item to Named
Follower, Resurrection


You were on level 2 of the Orcish Mines.
You worshipped Beogh.
Beogh was exalted by your worship.
You visited 3 branches of the dungeon, and saw 19 of its levels.
You also visited: Ossuary.

You collected 1951 gold pieces.
You spent 1722 gold pieces at shops.

Inventory:

Hand Weapons
 f - a +2 scimitar of holy wrath
 p - a +3 broad axe of flaming (weapon)
 w - a +1 heavy sling
Missiles
 h - 30 poisoned darts (quivered)
Armour
 d - an orb of light (worn)
 u - a +0 pair of boots (worn)
 A - the +0 ring mail of Gozag's Castigation (worn) {*Slow rPois Str+2}
   (You bought it in a shop on level 3 of the Dungeon)

   Str:       It affects your strength (+2).
   rPois:     It protects you from poison.
   *Slow:     It may slow you when you take damage.
 B - a +0 cloak (worn)
 O - a +0 helmet
 R - a +1 pair of gloves (worn)
 S - the +1 helmet "Citedys" (worn) {rN++}
   (You found it on level 10 of the Dungeon)

   rN:        It greatly protects you from negative energy.
Magical Staves
 W - the staff of poison "Doeh" {rPois Dex+3}
   (You found it on level 9 of the Dungeon)

   [staff of poison]

   Base accuracy: +5 Base damage: 5 Base attack delay: 1.2 This weapon's minimum
   attack delay (0.6) is reached at skill level 12.
   Dex:       It affects your dexterity (+3).
   rPois:     It protects you from poison.
   It falls into the 'Staves' category.
   It is a one-handed weapon.
Jewellery
 a - an amulet of faith (around neck)
 j - a ring of protection from cold (right hand)
 l - a +4 ring of protection (left hand)
 q - a ring of wizardry
 t - a +6 ring of dexterity
 x - a ring of willpower
 D - an amulet of reflection
 G - an amulet of magic regeneration
 I - a ring of poison resistance
 N - a +5 ring of evasion
 P - a ring of magical power
 Q - a ring of ice
Wands
 e - a wand of flame (65)
 E - a wand of paralysis (27)
 F - a wand of acid (20)
 J - a wand of roots (6)
 M - a wand of digging (8)
Scrolls
 b - 2 scrolls of blinking
 k - 6 scrolls of teleportation
 v - a scroll of poison
 y - 2 scrolls of butterflies
 z - 4 scrolls of fear
 C - 4 scrolls of magic mapping
 K - a scroll of immolation
 T - 3 scrolls of enchant armour
 Y - 2 scrolls of amnesia
 Z - a scroll of noise
Potions
 c - 3 potions of mutation
 g - 4 potions of might
 i - 3 potions of resistance
 m - a potion of berserk rage
 n - 7 potions of brilliance
 o - 4 potions of enlightenment
 r - 2 potions of attraction
 s - 2 potions of heal wounds
 H - 2 potions of haste {unknown}
 L - 7 potions of curing
 V - 2 potions of ambrosia
Miscellaneous
 U - a lightning rod (4/4)


   Skills:
 + Level 17.4 Fighting
 - Level 18.5 Axes
 + Level 0.9 Armour
 - Level 12.3 Dodging
 + Level 5.1 Spellcasting
 + Level 9.1 Fire Magic
 + Level 0.6 Poison Magic


You had 25 spell levels left.
You didn't know any spells.
Your spell library contained the following spells:

 Spells                   Type           Power      Damage    Failure   Level
 Ignite Poison            Fire/Tmut/Pois 14%        N/A       34%         3
 Sting                    Tmut/Pois      20%        1d4       36%         1
 Beastly Appendage        Tmut           8%         N/A       41%         1
 Magic Dart               Conj           16%        1d3       41%         1
 Poisonous Vapours        Pois/Air       10%        N/A       47%         2
 Blink                    Tloc           8%         N/A       52%         2
 Ensorcelled Hibernation  Hex/Ice        8%         N/A       52%         2
 Lesser Beckoning         Tloc           8%         N/A       52%         2
 Passwall                 Tmut/Erth      3%         N/A       52%         2
 Searing Ray              Conj           8%         2d4       52%         2
 Sublimation of Blood     Necr           4%         N/A       52%         2
 Wereblood                Tmut           4%         N/A       52%         2
 Sticky Flame             Conj/Fire      18%        2d4       52%         4
 Spider Form              Tmut/Pois      5%         N/A       71%         3
 Mephitic Cloud           Conj/Pois/Air  4%         N/A       73%         3
 Frozen Ramparts          Ice            8%         1d2       75%         3
 Swiftness                Air            4%         N/A       75%         3
 Olgreb's Toxic Radiance  Pois           6%         N/A       96%         4
 Fulminant Prism          Conj/Hex       2%         3d5       98%         4
 Ice Form                 Ice/Tmut       4%         N/A       98%         4
 Iskenderun's Mystic Bla  Conj/Tloc      4%         2d3       98%         4
 Manifold Assault         Tloc           4%         N/A       98%         4
 Summon Ice Beast         Ice/Summ       4%         N/A       98%         4
 Freezing Cloud           Conj/Ice/Air   2%         6-21      100%        5
 Iskenderun's Battlesphe  Conj           4%         2d6       100%        5
 Summon Mana Viper        Hex/Summ       4%         N/A       100%        5
 Dispersal                Tloc           2%         N/A       100%        6
 Leda's Unmaking          Conj/Erth      2%         9d1       100%        6
 Plasma Beam              Fire/Air       9%         2x1d19    100%        6
 Monstrous Menagerie      Summ           2%         N/A       100%        7
 Spellforged Servitor     Conj/Summ      2%         N/A       100%        7
 Storm Form               Tmut/Air       2%         N/A       100%        7
 Summon Hydra             Summ           2%         N/A       100%        7
 Disjunction              Tloc           2%         N/A       100%        8
 Ignition                 Fire           16%        3d6       100%        8


Dungeon Overview and Level Annotations

Branches:
Dungeon (12/15)            Temple (0/1) D:5            Lair (5/5) D:9
  Swamp (0/4) Lair:2        Snake (0/4) Lair:3        Slime (0/5) Lair:5
    Orc (2/2) D:12            Elf (0/3) Orc:2       Ossuary (visited)

Altars:
Dithmenos
Elyvilon
Fedhas
Gozag
Kikubaaqudgha
Makhleb
Nemelex Xobeh
Okawaru
Qazlal
Trog
Uskayaw
Wu Jian
Xom
The Shining One
Jiyva

Shops:
D:1 :   D:2 *   D:3 [   D:6 [**(?   D:7 ?   Orc:2 !?(*[

Annotations:
Lair:3 2 transporters, Hubris850's ghost, journeyman TrBe
Lair:5 1 runed translucent door
Orc:2 Urug


Innate Abilities, Weirdness & Mutations

You can walk on water.
You are somewhat resistant to further mutation.
Your spells are a little harder to cast, but a little more powerful.
You expend magic power (3 MP) to strengthen your wands.


Message History

The javelin closely misses the two-headed ogre.
Your orc warrior hits the two-headed ogre from afar with a +0 halberd!
Your orc priest hits the ogre mage with a +0 whip.
Your orc priest barely misses the two-headed ogre.
The ogre mage hits you with a +0 spear!
Urug throws a javelin.
The javelin barely misses the two-headed ogre.
The two-headed ogre hits you but does no damage.
The two-headed ogre hits you with a +0 giant club!!
The ogre mage gestures at the two-headed ogre while chanting.
The two-headed ogre seems to speed up.
The ogre mage hits you from afar with a +0 halberd!
The two-headed ogre hits you with a +0 giant club. x2
Your orc warrior hits the two-headed ogre from afar with a +0 halberd!
Your orc priest invokes the aid of Beogh against the ogre mage.
The ogre mage resists with almost no effort.
Your orc priest hits the two-headed ogre with a +0 hand axe.
Your orc knight roars a battlecry!
Your orcs go into a battle-frenzy!
The ogre mage casts a spell at you. The bolt of magma hits you!!
The bolt of magma hits Urug!!!
Urug dies!
The ogre mage hits you from afar with a +0 halberd!
Your orc warrior hits the two-headed ogre from afar with a +0 halberd.
Your orc priest hits the ogre mage with a +0 whip.
A two-headed ogre comes into view. It is wielding two +0 giant clubs.
Your orc priest hits the two-headed ogre but does no damage.
The two-headed ogre hits your orc priest with a +0 giant club!
The two-headed ogre hits your orc priest with a +0 giant club!!
Your orc priest dies!
The two-headed ogre hits your orc priest with a +0 giant club!!
Your orc priest dies!
The ogre mage hits you from afar with a +0 halberd!
* * * LOW HITPOINT WARNING * * *
The ogre mage hits you with a +0 spear!
* * * LOW HITPOINT WARNING * * *
Your orc warrior hits the two-headed ogre from afar with a +0 halberd!
The ogre mage hits you from afar with a +0 halberd!
* * * LOW HITPOINT WARNING * * *
The two-headed ogre hits you with a +0 giant club!
You die...

..........#..........##..........
#........##..........#...........
#.....#.####.....#..###..........
#.#....## ###...#.## ##.#.....#.
ooo#.### ##..### #####...##
#..### ##..## ##...# #...#
#####o.o.###### ##.## ...##
......o........ ### #.##
.....)O@)...... ###
#######OO######


OOOOO OOOOOOO. OOOOOOOO... ...OOOO..... .....O∩...... .............. You could
see 9 two-headed ogres, 3 ogre magi, 16 ogres, a friendly orc knight, a friendly
orc warrior (strong) and a friendly orc (strong).

Vanquished Creatures
  The ghost of kairosrom117 the Arsonist, a journeyman DrFE of Vehumet (Lair:2)
  Fannar (Orc:1)
  An ogre mage (Orc:2)
  2 two-headed ogres
  2 death yaks (Lair:5)
  A skyshark (Lair:5)
  A bog body (Lair:2)
  An orc sorcerer (Orc:1)
  3 manticores
  A salamander (Lair:3)
  An ugly thing (D:7)
  A cyclops (D:12)
  3 elephants (Lair:4)
  A black mamba (Lair:4)
  5 cane toads
  Maggie (D:8)
  A kobold demonologist (D:7)
  A rime drake (Lair:4)
  6 trolls
  A tyrant leech (Lair:5)
  A polar bear (Lair:1)
  7 blink frogs
  2 slime creatures (D:12)
  A wyvern (Lair:1)
  A wraith (D:12)
  22 yaks
  A vampire (D:12)
  4 vampire mosquitoes
  An acid dragon (D:12)
  5 water moccasins
  2 orc warriors
  2 sky beasts (D:6)
  A black bear (D:5)
  An ice beast (D:5)
  11 wolves
  5 ogres
  A phantom (D:5)
  9 bullfrogs
  2 kobold brigands
  13 scorpions
  2 wights
  Dowan (D:5)
  8 killer bees
  3 howler monkeys
  2 lava snakes (Lair:3)
  A centaur zombie (Ossuary)
  A gnoll bouda (D:5)
  2 hounds (D:5)
  Crazy Yiuf (D:7)
  3 human zombies (Ossuary)
  2 orc priests
  5 iguanas
  4 orc wizards
  A scorpion zombie (Ossuary)
  3 mummies (Ossuary)
  13 gnolls
  3 adders
  2 shadow imps
  3 ufetubi
  4 worms
  4 dart slugs
  6 orcs
  9 ball pythons
  10 bats
  4 endoplasms
  A giant cockroach (D:1)
  5 gnoll zombies (Ossuary)
  3 hobgoblins
  4 quokkas
  4 frilled lizards
  7 goblins
  4 goblin zombies (Ossuary)
  2 hobgoblin zombies (Ossuary)
  23 kobolds
  2 kobold zombies (Ossuary)
  An orc zombie (Ossuary)
  5 rats
285 creatures vanquished.

Vanquished Creatures (collateral kills)
  The ghost of benadryl the Warmonger, a journeyman FoFi of Okawaru (Lair:2)
  An ettin (Orc:2)
  2 hydras (Lair:5)
  The ghost of JoshKwa the Thaumaturge, a journeyman NaFE of Jiyva (Lair:2)
  A centaur warrior (D:9)
  5 death yaks
  2 two-headed ogres
  3 skysharks
  A sixfirhy (D:8)
  A bog body (Lair:2)
  An orc knight (Orc:1)
  An orc sorcerer (Orc:1)
  3 elephants (Lair:4)
  An ugly thing (D:12)
  A manticore (D:9)
  Joseph (D:8)
  2 slime creatures (D:12)
  A black mamba (Lair:4)
  A gargoyle (D:11)
  14 cane toads
  3 torpor snails
  An unseen horror (D:11)
  5 rime drakes
  8 komodo dragons
  3 trolls
  Prince Ribbit (D:8)
  A tyrant leech (Lair:5)
  A hornet (D:10)
  3 polar bears
  14 blink frogs
  A shadow (D:11)
  3 wyverns
  2 vampires
  36 yaks
  A basilisk (Lair:1)
  4 vampire mosquitoes
  8 water moccasins
  Duvessa (D:5)
  A black bear (D:7)
  2 orc warriors
  A sky beast (D:6)
  29 wolves
  2 kobold brigands
  A gnoll sergeant (D:7)
  12 bullfrogs
  7 wights
  3 killer bees (D:9)
  2 howler monkeys (D:9)
  A lava snake (Lair:3)
  A hound (D:5)
  4 orc priests
  A sleepcap (D:7)
  2 iguanas
  4 orc wizards
  4 gnolls
  2 adders (D:5)
  2 shadow imps
  5 orcs
  An endoplasm (D:4)
  2 goblins (D:4)
  14 kobolds
243 creatures vanquished.

Vanquished Creatures (others)
  Urug (Orc:2)
  An orc sorcerer (Orc:2)
  An orc knight (Lair:3)
  4 orc warriors
  4 orc priests
  5 orc wizards
  20 orcs
36 creatures vanquished.

Grand Total: 564 creatures vanquished

Notes
Turn   | Place    | Note
-------+----------+-------------------------------------------
     0 | D:1      | Pimp the Hill Orc Monk began the quest for the Orb.
     0 | D:1      | Reached XP level 1. HP: 19/19 MP: 1/1
   170 | D:1      | Reached XP level 2. HP: 27/27 MP: 2/2
   465 | D:1      | Found Vaarowk's Book Boutique.
   625 | D:1      | Reached XP level 3. HP: 31/33 MP: 3/3
   861 | D:2      | Found Ykil's Assorted Antiques.
  1222 | D:2      | Found a faded altar of an unknown god.
  1381 | D:3      | Found an opulent altar of Gozag.
  1438 | D:3      | Reached XP level 4. HP: 36/41 MP: 4/4
  1458 | D:3      | Found Nuwoahop's Antique Armour Shop.
  1578 | D:3      | Became a worshipper of Beogh the Brigand
  1578 | D:3      | Reached * piety under Beogh
  1578 | D:3      | Reached ** piety under Beogh
  1590 | D:3      | Reached skill level 5 in Axes
  1872 | D:3      | Found an ancient bone altar of Kikubaaqudgha.
  2120 | D:4      | Reached XP level 5. HP: 21/47 MP: 5/5
  2235 | D:4      | Found a hide-covered altar of Uskayaw.
  2235 | D:4      | Found a glowing golden altar of the Shining One.
  2267 | D:4      | Found a sand-covered staircase.
  2274 | Ossuary  | Entered an ossuary
  2311 | Ossuary  | Reached skill level 5 in Fighting
  2412 | Ossuary  | Reached XP level 6. HP: 39/56 MP: 6/6
  2475 | Ossuary  | Reached skill level 6 in Axes
  2708 | Ossuary  | Reached XP level 7. HP: 58/63 MP: 7/7
  2749 | Ossuary  | Reached skill level 7 in Axes
  2753 | Ossuary  | Reached *** piety under Beogh
  3147 | D:4      | Found a white marble altar of Elyvilon.
  3447 | D:4      | Reached XP level 8. HP: 55/73 MP: 8/8
  3588 | D:4      | Found a sparkling altar of Nemelex Xobeh.
  3789 | D:4      | Found a blossoming altar of Fedhas.
  4044 | D:5      | Entered Level 5 of the Dungeon
  4050 | D:5      | Gained Olfik as an ally
  4055 | D:5      | Reached skill level 5 in Dodging
  4058 | D:5      | Reached skill level 8 in Axes
  4244 | D:5      | Found a shadowy altar of Dithmenos.
  4279 | D:5      | Reached **** piety under Beogh
  4997 | D:5      | Reached skill level 9 in Axes
  5056 | D:5      | Found a staircase to the Ecumenical Temple.
  5073 | D:5      | Gained Agrik as an ally
  5129 | D:5      | Reached XP level 9. HP: 64/82 MP: 9/9
  5286 | D:3      | Bought an ichor-stained ring mail for 225 gold pieces
  5286 | D:3      | Identified the +0 ring mail of Gozag's Castigation {*Slow
                  | rPois Str+2} (You bought it in a shop on level 3 of the
                  | Dungeon)
  5631 | D:5      | Noticed Dowan
  5632 | D:5      | Noticed Duvessa
  5637 | D:5      | Killed Dowan
  5644 | D:5      | HP: 1/82 [Duvessa/+4 short sword (16)]
  5646 | D:5      | Killed Duvessa
  6241 | D:6      | Found Azao's Weapon Shop.
  6281 | D:6      | Found a stormy altar of Qazlal.
  6360 | D:6      | Found Uquqac's General Store.
  6381 | D:6      | Found Heaw's Assorted Antiques.
  6475 | D:6      | Found Othrasch's Armour Boutique.
  6654 | D:6      | Found Ugagg's Magic Scroll Boutique.
  6689 | D:7      | Reached skill level 10 in Axes
  6779 | D:7      | Noticed a kobold demonologist
  6784 | D:7      | Noticed an orange demon
  6787 | D:7      | Killed a kobold demonologist
  6791 | D:7      | Noticed a white ugly thing
  6797 | D:7      | Killed a white ugly thing
  6914 | D:7      | Reached skill level 10 in Fighting
  7053 | D:7      | Found Siaguh's Magic Scroll Shoppe.
  7057 | D:7      | Bought a scroll of enchant weapon for 97 gold pieces
  7061 | D:7      | Gained mutation: Your spells are a little harder to cast,
                  | but a little more powerful. [potion of mutation]
  7061 | D:7      | Gained mutation: You are somewhat resistant to further
                  | mutation. [potion of mutation]
  7061 | D:7      | Gained mutation: You expend magic power (3 MP) to
                  | strengthen your wands. [potion of mutation]
  7195 | D:7      | Found a runed translucent door.
  7196 | D:7      | Noticed Crazy Yiuf
  7301 | D:7      | Killed Crazy Yiuf
  7404 | D:7      | Found an ornate altar of the Wu Jian Council.
  7419 | D:7      | Reached skill level 11 in Axes
  7654 | D:7      | Found an iron altar of Okawaru.
  7690 | D:7      | Found a shimmering altar of Xom.
  7693 | D:7      | Reached XP level 10. HP: 87/93 MP: 10/10
  8046 | D:8      | Noticed Maggie
  8065 | D:8      | Killed Maggie
  8069 | D:8      | Noticed Prince Ribbit
  8070 | D:8      | Killed Prince Ribbit
  8169 | D:8      | Found a runed translucent door.
  8170 | D:8      | Found a burning altar of Makhleb.
  8170 | D:8      | Noticed a sixfirhy
  8181 | D:8      | Killed a sixfirhy
  8181 | D:8      | Gained Bogfrid as an ally
  8283 | D:8      | Found a bloodstained altar of Trog.
  8351 | D:8      | Reached ***** piety under Beogh
  8550 | D:8      | Noticed Joseph
  8559 | D:8      | Killed Joseph
  8583 | D:8      | Reached skill level 12 in Axes
  9919 | D:9      | Reached XP level 11. HP: 92/104 MP: 11/11
 10056 | D:9      | Reached skill level 13 in Axes
 10125 | D:9      | Found a staircase to the Lair.
 10277 | D:9      | Noticed a centaur warrior
 10289 | D:9      | Killed a centaur warrior
 10483 | D:9      | Noticed a manticore
 10487 | D:9      | Noticed a manticore
 10489 | D:9      | Killed a manticore
 10496 | D:9      | Killed a manticore
 10725 | D:9      | Identified the staff of poison "Doeh" {rPois Dex+3}
 10732 | D:9      | Noticed a two-headed ogre
 10738 | D:9      | Killed a two-headed ogre
 11061 | Lair:1   | Entered Level 1 of the Lair of Beasts
 11286 | Lair:1   | Noticed a death yak
 11292 | Lair:1   | Killed a death yak
 11575 | Lair:1   | Reached skill level 14 in Axes
 11826 | Lair:2   | Found a runed translucent gate.
 11826 | Lair:2   | Found a runed translucent gate.
 11826 | Lair:2   | Found a runed translucent gate.
 11826 | Lair:2   | Noticed benadryl's ghost (journeyman FoFi)
 11826 | Lair:2   | Noticed JoshKwa's ghost (journeyman NaFE)
 11827 | Lair:2   | Noticed kairosrom117's ghost (journeyman DrFE)
 11845 | Lair:2   | Killed kairosrom117's ghost
 11847 | Lair:2   | Killed benadryl's ghost
 11848 | Lair:2   | Killed JoshKwa's ghost
 12028 | Lair:2   | Reached XP level 12. HP: 93/115 MP: 12/12
 12044 | Lair:2   | Found a staircase to the Swamp.
 12271 | Lair:2   | Reached skill level 15 in Axes
 12614 | Lair:2   | Noticed a skyshark
 12621 | Lair:2   | Killed a skyshark
 12622 | Lair:2   | Reached skill level 10 in Dodging
 12756 | Lair:3   | Reached ****** piety under Beogh
 12943 | Lair:3   | Gained Olfrun as an ally
 13352 | Lair:3   | Found a transporter.
 13361 | Lair:3   | Noticed Hubris850's ghost (journeyman TrBe)
 13402 | Lair:3   | Found a transporter.
 13500 | Lair:3   | Found a staircase to the Snake Pit.
 13715 | Lair:3   | Reached skill level 15 in Fighting
 13726 | Lair:3   | Reached skill level 16 in Axes
 14190 | Lair:4   | Reached XP level 13. HP: 81/127 MP: 13/13
 15130 | Lair:5   | Entered Level 5 of the Lair of Beasts
 15153 | Lair:5   | HP: 2/192 [death yak (19)]
 15157 | Lair:5   | Reached skill level 17 in Axes
 15988 | Lair:5   | Got the Vellum of Precision Catastrophes
 16506 | Lair:5   | Found a runed translucent door.
 16506 | Lair:5   | Found a viscous altar of Jiyva.
 16533 | Lair:5   | Found a staircase to the Slime Pits.
 16533 | Lair:5   | Noticed an acid blob
 16558 | Lair:5   | Reached XP level 14. HP: 83/138 MP: 14/14
 17424 | D:10     | Entered Level 10 of the Dungeon
 17487 | D:10     | Identified the +1 helmet "Citedys" {rN++}
 18216 | D:10     | Reached skill level 18 in Axes
 18690 | D:11     | Upgraded the game from 0.31-a0-133-gaae73658be to
                  | 0.31-a0-142-g31f6795574
 19699 | D:12     | Found a staircase to the Orcish Mines.
 19705 | Orc:1    | Entered Level 1 of the Orcish Mines
 19729 | Orc:1    | Noticed Fannar
 19747 | Orc:1    | Killed Fannar
 20007 | Orc:1    | Paralysed by an orc sorcerer for 2 turns
 20313 | Orc:2    | Entered Level 2 of the Orcish Mines
 20313 | Orc:2    | Found Upestay's Distillery.
 20448 | Orc:2    | Noticed Urug
 20735 | Orc:2    | Bought a potion of experience for 700 gold pieces
 20735 | Orc:2    | Bought a potion of experience for 700 gold pieces
 20746 | Orc:2    | Reached XP level 15. HP: 147/147 MP: 14/19
 20747 | Orc:2    | Reached skill level 5 in Spellcasting
 20747 | Orc:2    | Reached XP level 16. HP: 155/155 MP: 14/23
 20807 | Orc:2    | Found a staircase to the Elven Halls.
 21013 | Orc:2    | Found Jimax's Magic Scroll Boutique.
 21013 | Orc:2    | Found Cooneir's General Store.
 21014 | Orc:2    | Found Buwusair's Antique Weapon Emporium.
 21014 | Orc:2    | Found Jinoefuf's Antique Armour Shop.
 21021 | Orc:2    | Paralysed by an ogre mage for 5 turns
 21023 | Orc:2    | Your ally Urug died
 21025 | Orc:2    | Slain by a two-headed ogre

Illustrated notes

Levels and vault maps discovered:
D:1:      minmay_arrival_doors, layout_basic, serial_shops,
          nicolae_book_shop_shelving
D:2:      layout_basic, hellmonk_ecumenical_altar_pennies_from_heaven,
          serial_shops, nicolae_shop_hallway_stairs
D:3:      layout_basic, nicolae_gozag_seed_capital,
          mainiacjoe_overflow_alcove_4, serial_shops, shop
D:4:      layout_basic, mainiacjoe_overflow_divided_tiny, elyvilon_altar_5,
          lemuel_doored_altar, mainiacjoe_overflow_six_doors_small,
          chequers_ossuary_entry_cave, dk_noncrumbling_4,
          kennysheep_pointless_box, minmay_misc_feat_more_columns
D:5:      kennysheep_kobold_camp, layout_loops_ring,
          lemuel_coloured_pillars_altar, minmay_temple_entry_mini_moons,
          minmay_pentangle, uniq_duvessa
D:6:      layout_rooms, nicolae_qazlal_general_emergency, serial_shops, shop,
          shop, shop, nicolae_shop_tiny_real_fake_doors,
          nicolae_shop_overgrown_old_shop
D:7:      minmay_chambers_of_fours, layout_loops_ring, lemuel_round_altar,
          mainiacjoe_overflow_two_lobes, serial_shops,
          nicolae_shop_back_alley_shop, uniq_crazy_yiuf_cottage
D:8:      layout_basic, nzn_makhleb_speed_demon, trog_butcher_becter,
          grunt_decor_mini_mirrors, uniq_maggie, uniq_prince_ribbit1,
          uniq_joseph
D:9:      minmay_distorted_concentric_squares, layout_long_grid,
          grunt_lair_entry_orc_guard_hut, feat_on_display
D:10:     layout_loops_corners, eino_curves_01
D:11:     layout_rooms
D:12:     layout_long_grid, orc_0_dummy, serial_rivers,
          chequers_serial_rivers_small_a, chequers_serial_rivers_micro_e,
          chequers_serial_rivers_micro_e, chequers_serial_rivers_room_b,
          chequers_serial_rivers_micro_b, chequers_serial_rivers_micro_b,
          corner_web_ring
Lair:1:   layout_misc_corridors
Lair:2:   layout_chaotic_city, skrybe_swamp_entry_bodies,
          gammafunk_ghost_cemetery
Lair:3:   layout_regular_city, nicolae_snake_entry_warm_welcome,
          gammafunk_ghost_arena, nicolae_quartered_pool_super,
          grunt_forest_small_clearing_treed
Lair:4:   layout_roguey, beast_lair_carwin_11, infiniplex_staircase_pool_2,
          grunt_megastairs_1
Lair:5:   minmay_lair_end_frog_pond, layout_regular_city, slime_entry_2,
          grunt_forest_large_clearings
Orc:1:    layout_caves, uniq_fannar
Orc:2:    st_orc_ogre_mass, layout_diamond_mine, serial_shops,
          nicolae_shop_industrial_runoff, uniq_urug

Skill      XL: |  1  2  3  4  5  6  7  8  9 10 11 12 13 14 15 16 |
---------------+-------------------------------------------------+-----
Fighting       | 4 5 6 7 8 10 11 13 15 16 17 | 17.4
Dodging        | 3 4 5 7 8 9 10 11 12 | 12.3
Axes           | 5 6 7 9 11 12 14 16 17 18 | 18.5
Spellcasting   | 3 5 |  5.1
Fire Magic     | 6 8 9 |  9.1
Armour         | |  0.9
Poison Magic   | |  0.6

Action                     |  1- 3 |  4- 6 |  7- 9 | 10-12 | 13-15 | 16-18 || total
---------------------------+-------+-------+-------+-------+-------+-------++-------
  Melee: Hand axe          |    84 |   113 |    62 |       |       |       ||   259
         Broad axe         |       |       |   153 |   306 |   233 |     9 ||   701
 Invoke: Convert to Beogh  |       |     1 |       |       |       |       ||     1
         Smiting           |       |       |     1 |       |     4 |       ||     5
         Recall Orcish Fol |       |       |     2 |     7 |     7 |       ||    16
         Give Item to Name |       |       |       |     3 |     1 |       ||     4
    Use: Scroll            |     2 |     3 |    10 |     7 |     4 |       ||    26
         Potion            |     1 |       |     5 |     3 |     7 |       ||    16
   Stab: Distracted        |       |       |       |     5 |     5 |     2 ||    12
 Armour: Robe              |    12 |    27 |    11 |       |       |       ||    50
         Leather armour    |       |       |    14 |       |       |       ||    14
         Ring mail         |       |       |    11 |   103 |    87 |     5 ||   206
         Skin              |       |       |       |     5 |       |       ||     5
  Dodge: Dodged            |    61 |    72 |   131 |   211 |   218 |    13 ||   706
  Block: Orb               |       |       |     4 |    47 |       |       ||    51
         Reflection        |       |       |       |     1 |       |       ||     1

Table legend: (Time is in decaauts)
 A = Elapsed time spent in this place.
 B = Non-inter-level travel time spent in this place.
 C = Inter-level travel time spent in this place.
 D = Time resting spent in this place.
 E = Time spent auto-exploring this place.
 F = Levels seen in this place.
 G = Mean time per level.
                   A        B        C        D        E       F      G
               +--------+--------+--------+--------+--------+-----+--------+
         Total |  21005 |  19830 |   1175 |   3995 |  12220 |  20 | 1050.2 |
       Dungeon |  12548 |  11789 |    759 |   2298 |   7460 |  12 | 1045.7 |
          Lair |   6328 |   5912 |    416 |   1227 |   3597 |   5 | 1265.6 |
  Orcish Mines |   1301 |   1301 |      0 |    311 |    790 |   2 |  650.5 |
       Ossuary |    826 |    826 |      0 |    159 |    373 |   1 |  826.0 |
               +--------+--------+--------+--------+--------+-----+--------+

Top non-repeatable levels by time:
     D:5: 2064 daAuts
  Lair:5: 2050 daAuts
     D:9: 1626 daAuts
     D:8: 1443 daAuts
     D:7: 1332 daAuts
  Lair:4: 1246 daAuts
     D:4: 1189 daAuts
  Lair:3: 1177 daAuts
    D:10: 1045 daAuts
  Lair:2: 1044 daAuts
     D:3: 870 daAuts
 Ossuary: 826 daAuts
  Lair:1: 809 daAuts
    D:12: 733 daAuts
   Orc:2: 702 daAuts
